 Dungeon Sprint DCSS version 0.29.1-15-g9cfb28693d (webtiles) character file.

Game seed: 3492787099752910663

138121 Groucho the Master Archer (level 16, -7/104 HPs)
             Began as a Deep Elf Hunter on Apr 29, 2023.
             Was the Champion of Qazlal.
             Killed by an exploding ball lightning (25 damage)
             ... set off by themself
             ... in the Dungeon (Sprint V: "Ziggurat Sprint").
             The game lasted 00:36:02 (7052 turns).

Groucho the Master Archer (Deep Elf Hunter)         Turns: 7052, Time: 00:36:02

Health: -7/104     AC: 18    Str: 24    XL:     16   Next: 70%
Magic:  35/51      EV: 27    Int: 36    God:    Qazlal [******]
Gold:   0          SH:  8    Dex: 18    Spells: 14/54 levels left

rFire   . . .      SeeInvis .   D - +8 storm bow {elec, penet}
rCold   + . .      Faith    .   (shield currently unavailable)
rNeg    . . .      Spirit   .   S - +2 robe of Precision Catastrophes {rC+ Int+4}
rPois   +          Reflect  .   L - +3 hat of Pondering {ponderous, Will+ MP+10 Int+5}
rElec   .          Harm     .   N - +2 cloak {rPois}
rCorr   .          Rampage  .   w - +1 pair of gloves "Puehom" {Int+4}
Will    ++...      NoTele   +   (no boots)
Stlth   ++........              c - amulet of Naucveuhoi {Acrobat Str+4}
HPRegen 0.27/turn               y - +6 ring of strength
MPRegen 0.32/turn               z - +6 ring of strength

@: protected from physical damage, studying 3 skills, repel missiles, slow
A: no striking features
a: Renounce Religion, Upheaval, Elemental Force, Disaster Area


You were in the Dungeon.
You worshipped Qazlal.
Qazlal was exalted by your worship.
You visited 1 branch

Inventory:

Hand Weapons
 C - the +6 shillelagh "Devastator" {shatter}
   (You found it in the Dungeon)

   It releases a powerful concussive burst when it strikes, dealing extra damage
   to the target and all other foes adjacent to them.
 D - the +8 storm bow (weapon) {elec, penet}
   (You found it in the Dungeon)

   Any ammunition fired from it occasionally discharges a powerful burst of
   electricity upon striking a foe.
   Any ammunition fired by it passes through the targets it hits, potentially
   hitting all targets in its path until it reaches maximum range.
 E - the +14 obsidian axe {vorpal, Mesm Drain Fly SInv}
   (You found it in the Dungeon)

   It inflicts extra damage upon your enemies.
   It occasionally summons demons to assist the wielder when it strikes in
   combat.
   Its wielder is mesmerised by any visible foes.
   It cannot be unequipped while any foes are visible.
   SInv:      It lets you see invisible.
   Fly:       It grants you flight.
   Drain:     It drains your maximum health when unequipped.
 H - the +6 Majin-Bo {vamp, MP+6 Int+6}
   (You found it in the Dungeon)

   It heals its wielder for a portion of the damage dealt when they wound a
   living foe with it or with a spell.
   Its wielder's spells cost health as well as magical power.
   Int:       It affects your intelligence (+6).
   MP:        It affects your magic capacity (+6).
 I - the +9 heavy crossbow "Sniper" {vorpal, Acc+∞ SInv}
   (You found it in the Dungeon)

   Any ammunition fired from it inflicts extra damage upon your enemies.
   Any ammunition fired from it never misses its target.
   SInv:      It lets you see invisible.
 T - the +9 staff of Wucad Mu {*channel}
   (You found it in the Dungeon)

   It occasionally powers its wielder's spells, but with a chance of causing
   confusion or draining the wielder's intelligence.
   It becomes more likely to activate and less likely to backfire with increased
   Evocations skill.
Armour
 j - +5 gold dragon scales
 w - the +1 pair of gloves "Puehom" (worn) {Int+4}
   (You found it in the Dungeon)

   Int:       It affects your intelligence (+4).
 F - the +15 Maxwell's patent armour {-Cast -Tele rElec Will+ rCorr}
   (You found it in the Dungeon)

   rElec:     It insulates you from electricity.
   -Cast:     It prevents spellcasting.
   -Tele:     It prevents most forms of teleportation.
   rCorr:     It protects you from acid and corrosion.
   Will:      It increases your willpower.
 G - the +18 shield of the Gong {rElec rN+ Will+ EV-5}
   (You found it in the Dungeon)

   It is deafeningly noisy when blocking attacks.
   EV:        It affects your evasion (-5).
   rElec:     It insulates you from electricity.
   rN:        It protects you from negative energy.
   Will:      It increases your willpower.
 K - the +2 hood of the Assassin {Detection Stab+ Stlth++}
   (You found it in the Dungeon)

   It allows the wearer to sense nearby creatures.
   It allows the wearer to make particularly effective stabbing attacks against
   helpless or unaware enemies with any weapon.
   Stlth:     It makes you much more stealthy.
 L - the +3 hat of Pondering (worn) {ponderous, Will+ MP+10 Int+5}
   (You found it in the Dungeon)

   Int:       It affects your intelligence (+5).
   MP:        It affects your magic capacity (+10).
   Will:      It increases your willpower.
 N - a +2 cloak of poison resistance (worn)
 S - the +2 robe of Precision Catastrophes (worn) {rC+ Int+4}
   (You found it in the Dungeon)

   Int:       It affects your intelligence (+4).
   rC:        It protects you from cold.
Jewellery
 c - the amulet of Naucveuhoi (around neck) {Acrobat Str+4}
   (You found it in the Dungeon)

   [amulet of the acrobat]

   It increases your evasion while moving and waiting.
   Str:       It affects your strength (+4).
 t - a ring of flight
 v - a +6 ring of dexterity
 x - an amulet of regeneration
 y - a +6 ring of strength (left hand)
 z - a +6 ring of strength (right hand)
 M - a ring of positive energy
 P - a +4 ring of evasion
 Q - the ring "Goekaykk" {MP+9 Int+2 Dex+3}
   (You found it in the Dungeon)

   [ring of magical power]

   Int:       It affects your intelligence (+2).
   Dex:       It affects your dexterity (+3).
   MP:        It affects your magic capacity (+9).
 R - a ring of protection from fire
 U - the ring "Lefich" {Fly rC+ Dex+3}
   (You took it off a wight in the Dungeon)

   [ring of flight]

   Dex:       It affects your dexterity (+3).
   rC:        It protects you from cold.
   Fly:       It grants you flight.
 V - a +4 ring of evasion
 W - the ring "Megeinep" {rCorr EV+4}
   (You took it off a deep elf high priest in the Dungeon)

   [ring of evasion]

   EV:        It affects your evasion (+4).
   rCorr:     It protects you from acid and corrosion.
Wands
 A - a wand of mindburst (7)
 B - a wand of quicksilver (7)
 J - a wand of digging (7)
Scrolls
 a - 4 scrolls of enchant armour
 b - a scroll of immolation
 i - 2 scrolls of blinking
 p - 4 scrolls of amnesia
 q - 8 scrolls of butterflies
 r - 5 scrolls of identify
 s - 2 scrolls of fear
 u - a scroll of acquirement
 O - 12 scrolls of brand weapon
Potions
 d - 10 potions of curing
 e - 4 potions of heal wounds
 f - 6 potions of haste
 g - 7 potions of magic
 h - 3 potions of berserk rage
 k - 2 potions of brilliance
 l - 2 potions of invisibility
 m - 4 potions of resistance
 n - a potion of experience
 o - 8 potions of might


   Skills:
 + Level 13.4 Fighting
 O Level 27 Ranged Weapons
 * Level 20.4 Armour
 + Level 22.2 Dodging
 + Level 22.8 Stealth
 + Level 19.6 Spellcasting
 + Level 15.2 Conjurations
 + Level 15.3 Summonings
 + Level 9.3 Fire Magic
 + Level 9.3 Ice Magic
 + Level 15.2 Earth Magic
 * Level 25.2 Invocations


You had 14 spell levels left.
You knew the following spells:

 Your Spells              Type           Power      Damage    Failure   Level
a - Sandblast             Erth           100%       2d20      0%          1
b - Stone Arrow           Conj/Erth      100%       3d13      0%          3
c - Animate Armour        Summ/Erth      100%       N/A       0%          4
d - Lee's Rapid Deconstr  Erth           49%        3d24*     1%          5
e - Ozocubu's Armour      Ice            80%        N/A       1%          3
f - Orb of Destruction    Conj           49%        9d13      1%          7
g - Lehudib's Crystal Sp  Conj/Erth      49%        10d12     11%         8
h - Fire Storm            Conj/Fire      44%        8d11      99%         9

Your spell library contained the following spells:

 Spells                   Type           Power      Damage    Failure   Level
 Foxfire                  Conj/Fire      100%       2x1d9     0%          1
 Magic Dart               Conj           100%       1d8       0%          1
 Call Canine Familiar     Summ           98%        N/A       0%          3
 Conjure Flame            Conj/Fire      89%        6-21      0%          3
 Apportation              Tloc           70%        N/A       1%          1
 Necrotise                Necr           100%       1d9       1%          1
 Shock                    Conj/Air       100%       1d9       1%          1
 Ensorcelled Hibernation  Hex/Ice        100%       N/A       1%          2
 Passwall                 Tmut/Erth      61%        N/A       1%          2
 Poisonous Vapours        Pois/Air       70%        N/A       1%          2
 Scorch                   Fire           100%       2d10      1%          2
 Static Discharge         Conj/Air       74%        3-13/arc  1%          2
 Sublimation of Blood     Necr           35%        N/A       1%          2
 Wereblood                Tmut           35%        N/A       1%          2
 Dazzling Flash           Conj/Hex       100%       N/A       1%          3
 Ignite Poison            Fire/Tmut/Pois 55%        N/A       1%          3
 Mephitic Cloud           Conj/Pois/Air  64%        N/A       1%          3
 Summon Guardian Golem    Hex/Summ       74%        N/A       1%          3
 Flame Wave               Conj/Fire      89%        2d19      1%          4
 Fulminant Prism          Conj/Hex       37%        3d18      1%          4
 Leda's Liquefaction      Hex/Erth       37%        N/A       1%          4
 Petrify                  Tmut/Erth      74%        N/A       1%          4
 Sticky Flame             Conj/Fire      89%        2d10      1%          4
 Summon Ice Beast         Ice/Summ       90%        N/A       1%          4
 Borgnjor's Vile Clutch   Necr/Erth      37%        N/A       1%          5
 Fireball                 Conj/Fire      44%        3d18      1%          5
 Freezing Cloud           Conj/Ice/Air   38%        6-21      1%          5
 Irradiate                Conj/Tmut      37%        3d24      1%          5
 Iskenderun's Battlesphe  Conj           98%        2d14      1%          5
 Lightning Bolt           Conj/Air       37%        1d55      1%          5
 Summon Forest            Summ/Tloc      37%        N/A       1%          5
 Summon Mana Viper        Hex/Summ       74%        N/A       1%          5
 Iron Shot                Conj/Erth      49%        9d9       1%          6
 Starburst                Conj/Fire      44%        6d12      1%          6
 Summon Cactus Giant      Summ           49%        N/A       1%          6
 Spellforged Servitor     Conj/Summ      49%        N/A       1%          7
 Summon Hydra             Summ           49%        N/A       1%          7
 Confusing Touch          Hex            35%        N/A       2%          3
 Gell's Gravitas          Tloc           35%        N/A       2%          3
 Portal Projectile        Hex/Tloc       70%        N/A       2%          3
 Spider Form              Tmut/Pois      35%        N/A       2%          3
 Teleport Other           Tloc           35%        N/A       2%          3
 Tukima's Dance           Hex            35%        N/A       2%          3
 Metabolic Englaciation   Hex/Ice        31%        N/A       3%          5
 Conjure Ball Lightning   Conj/Air       37%        3x3d12    6%          6
 Statue Form              Tmut/Erth      49%        N/A       6%          6
 Anguish                  Hex/Necr       17%        N/A       9%          4
 Animate Dead             Necr           35%        N/A       9%          4
 Corpse Rot               Necr/Pois/Air  35%        N/A       9%          4
 Olgreb's Toxic Radiance  Pois           35%        N/A       9%          4
 Passage of Golubria      Tloc           35%        N/A       9%          4
 Ozocubu's Refrigeration  Ice            40%        4d16      16%         7
 Simulacrum               Ice/Necr       31%        N/A       19%         6
 Agony                    Necr           35%        N/A       24%         5
 Alistair's Intoxication  Tmut/Pois      23%        N/A       24%         5
 Blade Hands              Tmut           17%        N/A       24%         5
 Silence                  Hex/Air        17%        N/A       24%         5
 Yara's Violent Unravell  Hex/Tmut       17%        3d8       24%         5
 Haunt                    Necr/Summ      37%        N/A       32%         7
 Ignition                 Fire           40%        3d12      77%         8
 Death Channel            Necr           17%        N/A       80%         6
 Dispersal                Tloc           17%        N/A       80%         6
 Shatter                  Erth           49%        3d37*     86%         9
 Borgnjor's Revivificati  Necr           17%        N/A       100%        8
 Disjunction              Tloc           17%        N/A       100%        8
 Infestation              Necr           17%        N/A       100%        8
 Maxwell's Capacitive Co  Air            17%        ∞         100%        8
 Necromutation            Tmut/Necr      17%        N/A       100%        8
 Chain Lightning          Conj/Air       37%        3d49      100%        9
 Death's Door             Necr           17%        N/A       100%        9


Dungeon Overview and Level Annotations

Branches:
Dungeon (1/1)

Altars:
Ashenzari
Cheibriados
Dithmenos
Elyvilon
Fedhas
Gozag
Hepliaklqana
Kikubaaqudgha
Makhleb
Nemelex Xobeh
Okawaru
Qazlal
Ru
Sif Muna
Trog
Uskayaw
Vehumet
Wu Jian
Xom
Yredelemnul
Zin
The Shining One
Jiyva
Lugonu


Message History

Maosegox is heavily wounded.
Maosegox is flash-frozen.
The blast of rubble hits Baecowaq but does no damage.
Baecowaq is severely wounded.
The blast of rubble hits Naoth but does no damage.
Naoth is moderately wounded.
The blast of rubble hits Rowyosku!!
Rowyosku is severely wounded.
The blast of rubble hits Aschiu!!!
Aschiu is severely wounded.
The blast of rubble hits Gysy!!
You kill Gysy!
Qazlal accepts your kill.
The blast of magma engulfs Ustredyokh!
Ustredyokh partially resists.
Ustredyokh is lightly wounded.
The cutting wind hits Fethiqit!!
Fethiqit is almost dead.
The cutting wind hits Wuteqicuy!
Wuteqicuy is heavily wounded.
The cutting wind hits Baecowaq!!
Baecowaq is almost dead.
The ball lightning explodes!
The blast of lightning engulfs Kastricvu.
Kastricvu completely resists.
The blast of lightning engulfs you!!
* * * LOW HITPOINT WARNING * * *
The blast of lightning engulfs Fethiqit.
Fethiqit resists.
The blast of lightning engulfs Buqy.
Buqy resists.
The blast of lightning engulfs the Executioner!!
The Executioner resists.
The ball lightning explodes!
The blast of lightning engulfs Kastricvu.
Kastricvu completely resists.
The blast of lightning engulfs Neqagg!!
The blast of lightning engulfs Buqy.
Buqy resists.
The blast of lightning engulfs Ustredyokh.
Ustredyokh completely resists.
The blast of lightning engulfs Fethiqit!
Fethiqit resists.
The blast of lightning engulfs the Executioner!
The Executioner resists.
The blast of lightning engulfs you!!
You die...

[=)|[.▓ :|[|).▓
.&§§§=&§§§§§§§& .[|=).▓
..§§§§.&§§.≈§.§ ......▓
.≈&≈§&≈.≈§.&... ......▓
...&.≈§§.≈≈.§§§ .†....▓
..§§≈.§&§§≈§§.§ ...†..▓
.§§.≈..○°.≈≈§.. †.....▓
......21&§≈...§ ......▓
.§.§.○&@&.≈≈...
.†....▓......§.&.&.≈≈§....▓
......▓.......≈≈≈≈&....§..▓
.▓....▓....▓.§..≈.≈≈§▓....▓
▓.▓...▓...▓.▓..§≈°..▓.▓...▓
.▓....▓....▓.≈§§≈≈≈..▓....▓
......▓......§§≈≈.........▓
......▓......≈.§≈≈........▓
......▓.........©.........▓


You could see Aschiu (unsilenced, frozen), Asussun, Baecowaq (silencing,
unsilenced, frozen), Buqy, Cygit, Fethiqit (unsilenced, frozen), Fisurhim,
Kastricvu (clouds, unsilenced), Loj Hiann, Maosegox (unsilenced, frozen), Naoth
(unsilenced), Neqagg (frozen), Rowyosku, Ustredyokh (fast), Wuteqicuy
(unsilenced, frozen), a cacodemon (unsilenced) and an Executioner (unsilenced).

Vanquished Creatures
  2 ancient liches (D)
  3 bone dragons (D)
  An Ice Fiend (D)
  A lich (D)
  6 titans (D)
  An Executioner (D)
  4 tentacled starspawn (D)
  10 pandemonium lords (D)
  4 fire giants (D)
  6 frost giants (D)
  A nargun (D)
  An orc warlord (D)
  2 balrugs (D)
  4 spriggan defenders (D)
  2 vampire knights (D)
  4 stone giants (D)
  A wendigo (D)
  2 deep elf annihilators (D)
  A green death (D)
  A merfolk javelineer (D)
  10 ettins (D)
  3 merfolk impalers (D)
  A rakshasa (D)
  2 deep elf high priests (D)
  An anaconda (D)
  2 merfolk aquamancers (D)
  5 naga warriors (D)
  4 two-headed ogres (D)
  2 spriggan air magi (D)
  6 vampire magi (D)
  2 orc high priests (D)
  6 thrashing horrors (D)
  2 dancing weapons (D)
  3 spriggan berserkers (D)
  A deep elf knight (D)
  A sixfirhy (D)
  A sun demon (D)
  6 wretched stars (D)
  4 skeletal warriors (D)
  A spriggan druid (D)
  2 deep elf archers (D)
  A sea snake (D)
  A deep elf pyromancer (D)
  6 starcursed masses (D)
  4 necromancers (D)
  2 deep elf zephyrmancers (D)
  2 orc knights (D)
  2 ugly things (D)
  A will-o-the-wisp (D)
  12 large abominations (D)
  2 orc sorcerers (D)
  A moth of wrath (D)
  8 cyclopes (D)
  An elephant (D)
  2 manticores (D)
  A rust devil (D)
  5 worldbinders (D)
  A merfolk siren (D)
  A guardian serpent (D)
  A water nymph (D)
  3 black mambas (D)
  2 apocalypse crabs (D)
  An orange demon (D)
  4 naga magi (D)
  4 smoke demons (D)
  5 komodo dragons (D)
  2 cane toads (D)
  An unseen horror (D)
  An efreet (D)
  2 freezing wraiths (D)
  A rime drake (shapeshifter) (D)
  2 hellwings (D)
  An ice devil (D)
  A guardian mummy (D)
  2 trolls (D)
  4 ancient zymes (D)
  3 wind drakes (D)
  12 merfolk (D)
  A blink frog (D)
  2 snapping turtles (D)
  7 raiju (D)
  A dream sheep (D)
  4 flying skulls (D)
  A jumping spider (shapeshifter) (D)
  4 shadows (D)
  Sigmund (D)
  2 wraiths (D)
  A wyvern (D)
  2 ynoxinuls (D)
  A water elemental (D)
  A yak (D)
  A fire bat (D)
  A fire elemental (D)
  3 vampires (D)
  3 chaos spawn (D)
  2 neqoxecs (D)
  A naga (D)
  Duvessa (D)
  7 water moccasins (D)
  3 hell hounds (D)
  A sky beast (D)
  13 small abominations (D)
  A black bear (shapeshifter) (D)
  7 orc warriors (D)
  An ice beast (D)
  5 ogres (D)
  7 centaurs (D)
  Blork the orc (D)
  2 necrophages (D)
  7 wights (D)
  Dowan (D)
  2 quasits (D)
  2 orc priests (D)
  Crazy Yiuf (D)
  2 iron imps (D)
  Jessica (D)
  An iguana (D)
  2 orc wizards (D)
  2 white imps (D)
  3 ufetubi (D)
  2 adder skeletons (D)
  2 orcs (D)
  3 ball pythons (D)
  3 bat skeletons (D)
  4 bat zombies (D)
  2 jackals (D)
  A ball python simulacrum (D)
  3 ball python skeletons (D)
  2 ball python zombies (D)
  2 bat simulacra (D)
  A giant cockroach simulacrum (D)
  A giant cockroach zombie (D)
  2 jackal skeletons (D)
  A quokka simulacrum (D)
  A quokka skeleton (D)
  3 ball lightnings (D)
  A lurking horror (D)
  3 starspawn tentacles (D)
376 creatures vanquished.

Vanquished Creatures (others)
  An iron imp (D)
  A giant cockroach zombie (D)
  A starspawn tentacle (D)
3 creatures vanquished.

Grand Total: 379 creatures vanquished

Notes
Turn   | Place    | Note
-------+----------+-------------------------------------------
     0 | D        | Groucho the Deep Elf Hunter began the quest for the Orb.
     0 | D        | Reached XP level 1. HP: 12/12 MP: 3/3
     2 | D        | Found a blossoming altar of Fedhas.
     2 | D        | Found the +6 Majin-Bo {vamp, MP+6 Int+6}
     2 | D        | Found the +9 heavy crossbow "Sniper" {vorpal, Acc+∞ SInv}
     2 | D        | Found the +10 dark maul {vorpal}
     2 | D        | Found the +15 Maxwell's patent armour {-Cast -Tele rElec
                  | Will+ rCorr}
     2 | D        | Found the +18 shield of the Gong {rElec rN+ Will+ EV-5}
     2 | D        | Found the +14 obsidian axe {vorpal, Mesm Drain Fly SInv}
     2 | D        | Found the +7 great mace "Firestarter" {inner flame, rF++}
     2 | D        | Found the +6 shillelagh "Devastator" {shatter}
     2 | D        | Found the +11 plutonium sword {Contam Stlth-}
     2 | D        | Found the +8 lance "Wyrmbane" {slay drac, rPois rF+ rC+
                  | AC+3}
     2 | D        | Found the +9 sword of Zonguldrok {reap}
     2 | D        | Found the +13 scythe of Curses {drain, Drain}
     2 | D        | Found the +5 sword of Power {vorpal}
     2 | D        | Found the +7 mace of Variability {chain chaos}
     2 | D        | Found the +7 Singing Sword {vorpal, sonic wave}
     2 | D        | Found the +8 storm bow {elec, penet}
     2 | D        | Banished a spatial maelstrom
     7 | D        | Found a shimmering blue altar of Sif Muna.
     7 | D        | Found a bloodstained altar of Trog.
     7 | D        | Found a sacrificial altar of Ru.
     7 | D        | Found a stormy altar of Qazlal.
     7 | D        | Found an iron altar of Okawaru.
    10 | D        | Found a sparkling altar of Nemelex Xobeh.
    12 | D        | Found a transporter.
    12 | D        | Found an ancient bone altar of Kikubaaqudgha.
    12 | D        | Found a viscous altar of Jiyva.
    12 | D        | Found a corrupted altar of Lugonu.
    12 | D        | Found a hazy altar of Hepliaklqana.
    12 | D        | Found a burning altar of Makhleb.
    12 | D        | Found an opulent altar of Gozag.
    57 | D        | Became a worshipper of Qazlal Stormbringer
    88 | D        | Entered arena 2.
    88 | D        | Noticed Dowan
    88 | D        | Noticed Duvessa
    88 | D        | Found a transporter.
   101 | D        | Killed Duvessa
   101 | D        | Killed Dowan
   102 | D        | Reached skill level 8 in Ranged Weapons
   102 | D        | Reached XP level 2. HP: 19/19 MP: 3/9
   102 | D        | Reached XP level 3. HP: 23/23 MP: 3/10
   102 | D        | Reached XP level 4. HP: 28/28 MP: 3/12
   102 | D        | Reached XP level 5. HP: 32/32 MP: 3/13
   499 | D        | Got the amulet of Naucveuhoi {Acrobat Str+4}
   512 | D        | Entered arena 3.
   512 | D        | Found a transporter.
   515 | D        | Reached * piety under Qazlal
   518 | D        | Reached skill level 5 in Invocations
   524 | D        | Got the ring of the Moon {Fire Str+2 Int+3 Stlth-}
   530 | D        | Entered arena 4.
   530 | D        | Found the +3 hat of Pondering {ponderous, Will+ MP+10
                  | Int+5}
   530 | D        | Noticed Sigmund
   530 | D        | Noticed Jessica
   530 | D        | Noticed Blork the orc
   530 | D        | Noticed Crazy Yiuf
   530 | D        | Found a transporter.
   534 | D        | Killed Crazy Yiuf
   534 | D        | Reached ** piety under Qazlal
   535 | D        | Killed Jessica
   536 | D        | Reached skill level 5 in Stealth
   537 | D        | Killed Sigmund
   538 | D        | Reached skill level 9 in Ranged Weapons
   538 | D        | Reached skill level 5 in Spellcasting
   538 | D        | Reached XP level 6. HP: 38/38 MP: 13/16
   538 | D        | Killed Blork the orc
   539 | D        | Reached skill level 10 in Ranged Weapons
   794 | D        | Entered arena 5.
   794 | D        | Found the +2 hood of the Assassin {Detection Stab+ Stlth++}
   794 | D        | Noticed a merfolk
   794 | D        | Noticed a merfolk
   794 | D        | Noticed a merfolk
   794 | D        | Noticed a merfolk
   794 | D        | Found a transporter.
   797 | D        | Killed a merfolk
   798 | D        | Reached XP level 7. HP: 44/44 MP: 17/18
   798 | D        | Killed a merfolk
   798 | D        | Killed a merfolk
   798 | D        | Reached *** piety under Qazlal
   799 | D        | Reached skill level 11 in Ranged Weapons
   799 | D        | Reached XP level 8. HP: 48/48 MP: 14/20
   800 | D        | Killed a merfolk
   801 | D        | Reached skill level 5 in Fighting
   801 | D        | Reached skill level 12 in Ranged Weapons
   801 | D        | Reached skill level 10 in Dodging
   833 | D        | Got the Compilation of the Boulder
   838 | D        | Learned a level 1 spell: Sandblast
   842 | D        | Learned a level 3 spell: Stone Arrow
   847 | D        | Learned a level 4 spell: Animate Armour
   853 | D        | Learned a level 5 spell: Lee's Rapid Deconstruction
  1015 | D        | Entered arena 6.
  1015 | D        | Found a transporter.
  1024 | D        | Got the Precepts of Metal and Confrontation
  1179 | D        | Entered arena 7.
  1179 | D        | Noticed a cyan ugly thing
  1179 | D        | Noticed a rime drake
  1179 | D        | Noticed a brown ugly thing
  1181 | D        | Reached **** piety under Qazlal
  1182 | D        | Reached skill level 5 in Armour
  1184 | D        | Killed a cyan ugly thing
  1185 | D        | Reached skill level 10 in Invocations
  1185 | D        | Reached XP level 9. HP: 54/54 MP: 17/23
  1185 | D        | Killed a purple ugly thing
  1186 | D        | Reached skill level 13 in Ranged Weapons
  1186 | D        | Killed a rime drake
  1540 | D        | Found a transporter.
  1563 | D        | Entered arena 8.
  1563 | D        | Noticed a guardian mummy
  1566 | D        | Reached skill level 1 in Summonings
  1567 | D        | Reached skill level 14 in Ranged Weapons
  1567 | D        | Reached skill level 1 in Conjurations
  1567 | D        | Reached skill level 1 in Earth Magic
  1568 | D        | Killed a guardian mummy
  1569 | D        | Found a transporter.
  1600 | D        | Entered arena 9.
  1600 | D        | Noticed a merfolk
  1600 | D        | Noticed a merfolk
  1600 | D        | Noticed a wind drake
  1603 | D        | Killed a merfolk
  1604 | D        | Reached XP level 10. HP: 61/61 MP: 25/25
  1604 | D        | Reached ***** piety under Qazlal
  1838 | D        | Found a transporter.
  1852 | D        | Got the ring "Goekaykk" {MP+9 Int+2 Dex+3}
  1973 | D        | Entered arena 10.
  1981 | D        | Reached skill level 10 in Stealth
  1981 | D        | Found a transporter.
  1988 | D        | Got the ring of Epaun {*Corrode +Blink rPois Int+3 Slay+5}
  2009 | D        | Entered arena 11.
  2012 | D        | Reached skill level 15 in Ranged Weapons
  2012 | D        | Reached skill level 10 in Spellcasting
  2013 | D        | Reached ****** piety under Qazlal
  2276 | D        | Found a transporter.
  2309 | D        | Got the +2 robe of Precision Catastrophes {rC+ Int+4}
  2317 | D        | Entered arena 12.
  2317 | D        | Noticed a two-headed ogre
  2317 | D        | Noticed a cyclops
  2317 | D        | Noticed a two-headed ogre
  2317 | D        | Noticed a cyclops
  2317 | D        | Noticed a two-headed ogre
  2317 | D        | Noticed a two-headed ogre
  2318 | D        | Noticed a fire giant
  2318 | D        | Noticed a cyclops
  2320 | D        | Killed a two-headed ogre
  2320 | D        | Killed a cyclops
  2320 | D        | Killed a cyclops
  2320 | D        | Killed a two-headed ogre
  2320 | D        | Killed a cyclops
  2321 | D        | Reached skill level 16 in Ranged Weapons
  2321 | D        | Reached skill level 10 in Armour
  2321 | D        | Reached skill level 5 in Summonings
  2321 | D        | Reached XP level 11. HP: 67/67 MP: 27/27
  2321 | D        | Killed a two-headed ogre
  2321 | D        | Killed a two-headed ogre
  2322 | D        | Reached skill level 5 in Conjurations
  2322 | D        | Reached skill level 5 in Earth Magic
  2326 | D        | Killed a fire giant
  2515 | D        | Found a transporter.
  2537 | D        | Got the ring of Light {rPois rC- Str+6 Dex+7}
  2543 | D        | Entered arena 13.
  2543 | D        | Noticed an Ice Fiend
  2543 | D        | Noticed a nargun
  2543 | D        | Noticed a titan
  2546 | D        | Noticed a wendigo
  2547 | D        | Killed a titan
  2548 | D        | Reached skill level 17 in Ranged Weapons
  2548 | D        | Killed an Ice Fiend
  2549 | D        | Killed a wendigo
  2565 | D        | Killed a nargun
  2566 | D        | Reached XP level 12. HP: 43/73 MP: 6/29
  2940 | D        | Found a transporter.
  2959 | D        | Entered arena 14.
  2960 | D        | Found the +9 staff of Wucad Mu {*channel}
  2962 | D        | Identified the +8 dagger "Demonslayer" {vorpal, *Noise
                  | +Blink Will+ Int+7}
  2964 | D        | Reached skill level 18 in Ranged Weapons
  2964 | D        | Noticed a lich
  2976 | D        | Killed a lich
  2977 | D        | Reached skill level 15 in Invocations
  3253 | D        | Found a transporter.
  3260 | D        | Got the Essays on the Geologist
  3285 | D        | Entered arena 15.
  3286 | D        | Identified the ring "Lefich" {Fly rC+ Dex+3}
  3288 | D        | Identified the ring of the Haunted God {*Slow Str+6 Int+2
                  | Dex+4}
  3290 | D        | Noticed a vampire knight
  3296 | D        | Killed a vampire knight
  3410 | D        | Found a transporter.
  3420 | D        | Got the ring of Puocs {rN+ rCorr Str-5 Int+2 Dex+6}
  3441 | D        | Entered arena 16.
  3441 | D        | Noticed a deep elf high priest
  3441 | D        | Noticed a deep elf annihilator
  3442 | D        | Noticed a deep elf annihilator
  3443 | D        | Identified the ring "Megeinep" {rCorr EV+4}
  3443 | D        | Noticed a deep elf high priest
  3444 | D        | Killed a deep elf high priest
  3444 | D        | Killed a deep elf annihilator
  3444 | D        | Killed a deep elf annihilator
  3445 | D        | Reached skill level 19 in Ranged Weapons
  3446 | D        | Killed a deep elf high priest
  3447 | D        | Reached skill level 15 in Dodging
  3447 | D        | Reached XP level 13. HP: 46/80 MP: 25/32
  3740 | D        | Found a transporter.
  3748 | D        | Got the Book of Necromancy and Hurting
  3754 | D        | Got the Codex of the Several Violins
  3756 | D        | Got Iphunim's Cyclopedia of Hurting
  3785 | D        | Entered arena 17.
  3787 | D        | Noticed a merfolk impaler
  3787 | D        | Noticed a merfolk impaler
  3788 | D        | Noticed a merfolk impaler
  3792 | D        | Identified the +7 dire flail of Bloodstone {vamp, rElec rF+
                  | rC+ Dex-5}
  3792 | D        | Noticed a merfolk javelineer
  3793 | D        | Killed a merfolk impaler
  3793 | D        | Killed a merfolk impaler
  3795 | D        | Reached skill level 15 in Armour
  3797 | D        | Reached skill level 20 in Ranged Weapons
  3799 | D        | Killed a merfolk javelineer
  3799 | D        | Killed a merfolk impaler
  4130 | D        | Found a transporter.
  4167 | D        | Entered arena 18.
  4169 | D        | Noticed an ancient lich
  4170 | D        | Noticed a jiangshi
  4172 | D        | Noticed a vampire knight
  4173 | D        | Noticed a jiangshi
  4174 | D        | Killed an ancient lich
  4174 | D        | Killed a vampire knight
  4175 | D        | Reached skill level 21 in Ranged Weapons
  4175 | D        | Reached skill level 10 in Conjurations
  4175 | D        | Reached skill level 10 in Summonings
  4183 | D        | Identified the +5 ring mail "Kywu" {rC+ Int+6}
  4184 | D        | Reached skill level 10 in Fighting
  4202 | D        | Reached skill level 10 in Earth Magic
  4427 | D        | Found a transporter.
  4443 | D        | Got Cigotuvi's Almanac of Shadows
  4447 | D        | Got Leasch's Vellum of Shadows and Vitiation
  4480 | D        | Entered arena 19.
  4485 | D        | Identified the +4 plate armour of Ornamental Fun {rElec
                  | rC++ Slay-5}
  4485 | D        | Noticed an orc warlord
  4485 | D        | Identified the ring "Xulam" {rF+ Will+}
  4487 | D        | Reached skill level 15 in Stealth
  4488 | D        | Reached XP level 14. HP: 77/88 MP: 27/34
  4501 | D        | Killed an orc warlord
  4502 | D        | Reached skill level 15 in Spellcasting
  4873 | D        | Found a transporter.
  4950 | D        | Entered arena 20.
  4955 | D        | Identified the +5 short sword "Impbane" {flame, MP+9 Int-2
                  | Dex+6}
  4957 | D        | Reached skill level 22 in Ranged Weapons
  4968 | D        | Found a transporter.
  5013 | D        | Learned a level 3 spell: Ozocubu's Armour
  5021 | D        | Learned a level 7 spell: Orb of Destruction
  5030 | D        | Learned a level 8 spell: Lehudib's Crystal Spear
  5040 | D        | Learned a level 9 spell: Fire Storm
  5046 | D        | Entered arena 21.
  5048 | D        | Noticed a spriggan defender
  5048 | D        | Noticed a spriggan defender
  5051 | D        | Noticed a spriggan defender
  5051 | D        | Noticed a spriggan defender
  5052 | D        | Killed a spriggan defender
  5052 | D        | Killed a spriggan defender
  5054 | D        | Killed a spriggan defender
  5054 | D        | Killed a spriggan defender
  5057 | D        | Identified the +9 hand axe "Goblinslayer" {holy, Int+6
                  | Dex+4}
  5061 | D        | Identified the amulet of Cauros {RegenMP MP+9 Str+4}
  5066 | D        | Reached skill level 23 in Ranged Weapons
  5098 | D        | Found a transporter.
  5106 | D        | Got the Incunabulum of Enchanting Ignition
  5185 | D        | Entered arena 22.
  5188 | D        | Noticed a starcursed mass
  5188 | D        | Noticed Siuwkepa the pandemonium lord
  5189 | D        | Noticed a tentacled starspawn
  5189 | D        | Noticed a starcursed mass
  5189 | D        | Noticed a bone dragon
  5191 | D        | Killed a starcursed mass
  5192 | D        | HP: 2/90 [sun demon (19)]
  5193 | D        | Noticed a bone dragon
  5194 | D        | Found a transporter.
  5196 | D        | Killed a tentacled starspawn
  5196 | D        | Killed Siuwkepa the pandemonium lord
  5198 | D        | Killed a bone dragon
  5199 | D        | Reached XP level 15. HP: 47/95 MP: 19/37
  5208 | D        | Killed a bone dragon
  5548 | D        | Got Vehumet's Grimoire of Battling
  5571 | D        | Entered arena 23.
  5577 | D        | Noticed a titan
  5577 | D        | Noticed a frost giant
  5577 | D        | Noticed a titan
  5577 | D        | Noticed a titan
  5577 | D        | Noticed a frost giant
  5577 | D        | Noticed a titan
  5577 | D        | Noticed a fire giant
  5578 | D        | Noticed a frost giant
  5578 | D        | Noticed a titan
  5578 | D        | Noticed a fire giant
  5578 | D        | Noticed a fire giant
  5578 | D        | Noticed a frost giant
  5580 | D        | Killed a titan
  5580 | D        | Killed a fire giant
  5580 | D        | Killed a titan
  5580 | D        | Killed a frost giant
  5580 | D        | Killed a titan
  5580 | D        | Killed a frost giant
  5580 | D        | Killed a titan
  5580 | D        | Killed a titan
  5580 | D        | Killed a fire giant
  5580 | D        | Killed a frost giant
  5581 | D        | Reached skill level 24 in Ranged Weapons
  5583 | D        | Killed a fire giant
  5583 | D        | Noticed a frost giant
  5584 | D        | Noticed a frost giant
  5585 | D        | Reached skill level 25 in Ranged Weapons
  5586 | D        | Killed a frost giant
  5588 | D        | Killed a frost giant
  5588 | D        | Killed a frost giant
  5589 | D        | Reached skill level 5 in Fire Magic
  5589 | D        | Reached skill level 5 in Ice Magic
  5851 | D        | Found a transporter.
  5878 | D        | Got the Parchment of the Barrage
  5951 | D        | Entered arena 24.
  5971 | D        | Noticed a tentacled starspawn
  5973 | D        | Killed a tentacled starspawn
  5973 | D        | Noticed Ezxen the pandemonium lord
  5974 | D        | Killed Ezxen the pandemonium lord
  5975 | D        | Reached XP level 16. HP: 103/103 MP: 32/40
  5976 | D        | Noticed an ancient lich
  5977 | D        | Noticed Xyotram the pandemonium lord
  5981 | D        | Killed Xyotram the pandemonium lord
  5982 | D        | Reached skill level 26 in Ranged Weapons
  5987 | D        | Killed a starcursed mass
  5989 | D        | Killed an ancient lich
  6783 | D        | Found a transporter.
  6806 | D        | Got the Guide on the Warped Fifth Circle
  6810 | D        | Got the ring of Youthful Indiscretion {rF+ rCorr Str+3
                  | Int-5 SInv}
  6815 | D        | Got the +1 pair of gloves "Puehom" {Int+4}
  6831 | D        | Got Janut's Grimoire of Convocation
  6838 | D        | Got Sif Muna's Essays on Vile Contamination
  6875 | D        | Entered arena 25.
  6898 | D        | Noticed a bone dragon
  6902 | D        | Killed a bone dragon
  6903 | D        | Reached skill level 27 in Ranged Weapons
  6903 | D        | Noticed a tentacled starspawn
  6908 | D        | Identified the +5 scimitar of Demonic Defence {flame, rF+++
                  | rCorr MP+9 Int-4}
  6908 | D        | Identified the ring of Discord {rN+ AC+4 Str-3 Dex+7}
  6911 | D        | Killed a tentacled starspawn
  6912 | D        | Reached skill level 15 in Summonings
  6914 | D        | Noticed a tentacled starspawn
  6922 | D        | Killed a tentacled starspawn
  6923 | D        | Reached skill level 15 in Conjurations
  6923 | D        | Reached skill level 15 in Earth Magic
  6928 | D        | Found the +8 whip "Snakebite" {venom, curare, rPois}
  6932 | D        | Found a transporter.
  6940 | D        | Got the ring "Wiorghuwa" {Fly Will+ Int+4}
  7028 | D        | Entered arena 26.
  7049 | D        | Noticed Neqagg the pandemonium lord
  7049 | D        | Noticed Zukyojim the pandemonium lord
  7049 | D        | Noticed Buqy the pandemonium lord
  7049 | D        | Noticed Lovohaom the pandemonium lord
  7049 | D        | Noticed Dasimutz the pandemonium lord
  7049 | D        | Noticed Izxirell the pandemonium lord
  7049 | D        | Noticed Loj Hiann the pandemonium lord
  7050 | D        | Noticed Aschiu the pandemonium lord
  7050 | D        | Noticed Wuteqicuy the pandemonium lord
  7050 | D        | Noticed Jaceuk the pandemonium lord
  7050 | D        | Noticed Baecowaq the pandemonium lord
  7050 | D        | Noticed Fethiqit the pandemonium lord
  7050 | D        | Noticed Maosegox the pandemonium lord
  7050 | D        | Noticed an Executioner
  7050 | D        | Noticed Rowyosku the pandemonium lord
  7050 | D        | Noticed Woqiuph the pandemonium lord
  7051 | D        | Noticed an Executioner
  7051 | D        | Noticed Kastricvu the pandemonium lord
  7051 | D        | Noticed Cygit the pandemonium lord
  7051 | D        | Noticed Ustredyokh the pandemonium lord
  7051 | D        | Killed Zukyojim the pandemonium lord
  7051 | D        | Noticed Asussun the pandemonium lord
  7051 | D        | Noticed Naoth the pandemonium lord
  7051 | D        | Noticed Gysy the pandemonium lord
  7051 | D        | Noticed Fisurhim the pandemonium lord
  7052 | D        | Killed Jaceuk the pandemonium lord
  7052 | D        | Killed Lovohaom the pandemonium lord
  7052 | D        | Killed Izxirell the pandemonium lord
  7052 | D        | Killed Dasimutz the pandemonium lord
  7052 | D        | Killed an Executioner
  7052 | D        | Killed Woqiuph the pandemonium lord
  7052 | D        | Killed Gysy the pandemonium lord
  7052 | D        | Killed by an exploding ball lightning... set off by
                  | themself

Illustrated notes

Levels and vault maps discovered:
D:        sprint_v [room_start, room_1, room_2, room_3, room_4, room_5, room_6,
          room_7, room_8, room_9, room_10, room_11, room_12, room_13, room_14,
          room_15, room_16, room_17, room_18, room_19, room_20, room_21,
          room_22, room_23, room_24, room_25, room_26, room_27]

Skill      XL: |  1  2  3  4  5  6  7  8  9 10 11 12 13 14 15 16 |
---------------+-------------------------------------------------+-----
Fighting       | 3 4 5 6 7 8 9 10 11 12 13 | 13.4
Ranged Weapons | 8 9 10 11 12 14 16 17 19 21 23 25 27 | 27.0
Armour         | 2 3 4 5 7 10 12 14 16 18 19 20 | 20.4
Dodging        | 6 7 8 9 11 12 13 14 15 16 18 20 22 | 22.2
Stealth        | 4 5 6 7 8 9 11 12 13 15 18 21 22 | 22.8
Spellcasting   | 4 5 6 7 8 9 10 11 13 14 16 18 19 | 19.6
Invocations    | 4 6 7 8 10 11 13 14 16 20 22 23 25 | 25.2
Summonings     | 2 5 6 8 10 12 13 15 | 15.3
Conjurations   | 2 4 6 8 10 12 13 15 | 15.2
Earth Magic    | 2 4 6 8 10 12 13 15 | 15.2
Fire Magic     | 6 9 |  9.3
Ice Magic      | 6 9 |  9.3

Action                   |  1- 3 |  4- 6 |  7- 9 | 10-12 | 13-15 | 16-18 || total
-------------------------+-------+-------+-------+-------+-------+-------++-------
Melee: Shillelagh        |     6 |     8 |     1 |       |       |       ||    15
 Fire: Longbow           |       |       |     2 |    36 |    67 |    49 ||   154
 Cast: Ozocubu's Armour  |       |       |       |       |     2 |       ||     2
Invok: Upheaval          |       |     3 |    20 |    24 |    38 |    10 ||    95
       Disaster Area     |       |       |       |     7 |    12 |     6 ||    25
  Use: Potion            |     1 |       |       |     2 |     6 |     1 ||    10
       Scroll            |       |       |       |       |     2 |       ||     2
Armor: Plate armour      |     8 |     2 |     1 |    21 |    10 |       ||    42
       Robe              |       |       |       |       |     3 |     3 ||     6
Dodge: Dodged            |     3 |     3 |     6 |    13 |    34 |    32 ||    91
       Repelled          |       |       |       |       |     4 |     1 ||     5
Block: Kite shield       |    14 |    14 |     7 |       |       |       ||    35
       Other             |       |       |     2 |     9 |    13 |     8 ||    32
